 Dungeon Crawl Stone Soup version 0.29-a0-222-g5b244fca1f (webtiles) character file.

Game seed: 9114929797316078130

112 Penntra the Vexing (level 4, -3/21 HPs)
             Began as a Spriggan Enchanter on Feb 27, 2022.
             Slain by a bullfrog (8 damage)
             ... on level 6 of the Dungeon.
             The game lasted 00:12:33 (4109 turns).

Penntra the Vexing (Spriggan Enchanter)             Turns: 4109, Time: 00:12:34

Health: -3/21      AC:  2    Str:  6    XL:     4   Next: 64%
Magic:  8/11       EV: 17    Int: 16    God:
Gold:   29         SH:  0    Dex: 15    Spells: 1/12 levels left

rFire   . . .      SeeInvis +   m - +0 dagger (elec)
rCold   . . .      Faith    .   (no shield)
rNeg    . . .      Spirit   .   b - +0 robe
rPois   .          Reflect  .   (helmet restricted)
rElec   .          Harm     .   (no cloak)
rCorr   .          Rampage  .   (gloves unavailable)
Will    .....                   (boots unavailable)
Stlth   +++.......              (no amulet)
HPRegen 0.07/turn               (no ring)
MPRegen 0.12/turn               (no ring)

@: confusing by touch, invisible, very quick
A: very small, no large weapons, unfitting armour, see invisible, speed 3
a: no special abilities


You were on level 6 of the Dungeon.
You visited 1 branch of the dungeon, and saw 5 of its levels.

You collected 106 gold pieces.
You spent 77 gold pieces at shops.

Inventory:

Hand Weapons
 a - a +1 dagger
 g - the +5 trident of Vanity {vorpal, rCorr Str+2}
   (You found it on level 2 of the Dungeon)

   It inflicts extra damage upon your enemies.
   Str:       It affects your strength (+2).
   rCorr:     It protects you from acid and corrosion.
 m - a +0 dagger of electrocution (weapon)
Armour
 b - a +0 robe (worn)
Jewellery
 f - a ring of fire
Scrolls
 h - a scroll of immolation
 l - 3 scrolls of teleportation
Potions
 d - a potion of flight
 e - 2 potions of curing
 i - a potion of attraction
 j - a potion of might {unknown}
 k - a potion of lignification
 n - a potion of mutation {unknown}


   Skills:
 - Level 1.1 Short Blades
 - Level 2.6 Dodging
 - Level 4.4 Stealth
 + Level 4.7 Spellcasting
 + Level 5.3 Hexes


You had one spell level left.
You knew the following spells:

 Your Spells              Type           Power      Damage    Failure   Level
a - Ensorcelled Hibernat  Hex/Ice        24%        N/A       8%          2
b - Tukima's Dance        Hex            20%        N/A       5%          3
c - Dazzling Flash        Conj/Hex       24%        N/A       16%         3
d - Confusing Touch       Hex            20%        N/A       5%          3

Your spell library contained the following spells:

 Spells                   Type           Power      Damage    Failure   Level
 Corpse Rot               Necr/Air       6%         N/A       24%         2
 Poisonous Vapours        Pois/Air       6%         N/A       24%         2


Dungeon Overview and Level Annotations

Branches:
Dungeon (4/15)
 Temple: D:4-7

Altars:

Shops:
D:1 :   D:4 (


Innate Abilities, Weirdness & Mutations

You are very small and have problems with some larger weapons.
You are too small for most types of armour.
You have supernaturally acute eyesight. (SInv)
You cover ground extremely quickly. (Speed+++)


Message History

You fall into a shaft and drop 2 floors!
The shaft crumbles and collapses.
A white imp comes into view.
Found 12 gold pieces.
The white imp shouts!
You hear a croak.
Found a stone staircase leading down.
A bullfrog comes into view.
Casting: Ensorcelled Hibernation (safe; 8% risk of failure)
Confirm with . or Enter, or press ? or * to list all spells.
The spell is quite dangerous to miscast (5% risk of failure)!
Continue anyway?
Okay, then.
Unknown command.
Unknown command.
Unknown command.
Unknown command.
Unknown command.
Unknown command.
Casting: Confusing Touch (quite dangerous; 5% risk of failure)
Confirm with . or Enter, or press ? or * to list all spells.
The spell is quite dangerous to miscast (5% risk of failure)!
Continue anyway?
Your hands begin to glow red.
The white imp spits at you.
Unknown command.
An iguana comes into view.
The white imp gestures at you. The puff of frost hits you!
The iguana hisses angrily.
You hit the white imp but do no damage. The white imp gestures at you.
The puff of frost hits you!
* * * LOW HITPOINT WARNING * * *
You hit the white imp but do no damage. The white imp closely misses you.
An ice beast comes into view.
You feel better. The bullfrog barely misses you. The white imp gestures at you.
The puff of frost hits you.
* * * LOW HITPOINT WARNING * * *
You fade into invisibility!
The bullfrog hits you!
You die...

..... ..#Y. .#
.....##########.#
...$l...........##
..................
.................
..............#
..>.....F@....#
.......5......#
..............#
..............#
.....##########
#####


You could see an ice beast, a bullfrog, an iguana and a white imp.

Vanquished Creatures
  A gnoll (D:2)
  3 adders
  A worm (D:2)
  2 dart slugs
  5 orcs (D:4)
  3 ball pythons
  8 endoplasms
  3 giant cockroaches
  4 goblins
  8 hobgoblins
  3 jackals (D:1)
  7 bats
  2 frilled lizards (D:1)
  4 kobolds (D:1)
  6 rats
60 creatures vanquished.

Notes
Turn   | Place    | Note
-------+----------+-------------------------------------------
     0 | D:1      | Penntra the Spriggan Enchanter began the quest for the Orb.
     0 | D:1      | Reached XP level 1. HP: 9/9 MP: 5/5
   619 | D:1      | Reached skill level 4 in Hexes
   622 | D:1      | Reached XP level 2. HP: 13/13 MP: 7/7
   625 | D:1      | Learned a level 2 spell: Ensorcelled Hibernation
  1265 | D:1      | Found Mexkogh's Book Shop.
  1273 | D:1      | Reached XP level 3. HP: 16/16 MP: 9/9
  1428 | D:1      | Learned a level 3 spell: Tukima's Dance
  1432 | D:1      | Learned a level 3 spell: Confusing Touch
  2787 | D:2      | Reached XP level 4. HP: 21/21 MP: 8/11
  2791 | D:2      | Learned a level 3 spell: Dazzling Flash
  2939 | D:2      | Identified the +5 trident of Vanity {vorpal, rCorr Str+2}
  2958 | D:2      | Reached skill level 5 in Hexes
  3883 | D:4      | Found Udiymuch's Weapon Boutique.
  3891 | D:4      | Bought a +0 dagger of electrocution for 77 gold pieces
  3903 | D:4      | Identified the +9 long sword of Tenacity {freeze, Will+
                  | Str+5 Stlth+}
  4098 | D:4      | You fall into a shaft and drop 2 floors!
  4101 | D:6      | Noticed a bullfrog
  4105 | D:6      | Noticed an ice beast
  4109 | D:6      | Slain by a bullfrog

Illustrated notes

Levels and vault maps discovered:
D:1:      psy_arrival_radial01, layout_basic, serial_shops,
          nicolae_shop_statue_plus, interstate_on_off
D:2:      layout_loops_cross
D:3:      layout_loops_ring
D:4:      layout_loops_cross, minmay_temple_entry_waves, serial_shops,
          nicolae_shop_crystal, uniq_sigmund, uniq_natasha
D:6:      layout_rooms, uniq_prince_ribbit1

Skill      XL: |  1  2  3  4 |
---------------+-------------+-----
Spellcasting   | 3 4 |  4.7
Hexes          | 4 5 |  5.3
Short Blades   | |  1.1
Dodging        | |  2.6
Stealth        | |  4.4

Action                   |  1- 3 |  4- 6 || total
-------------------------+-------+-------++-------
Melee: Dagger            |   127 |    37 ||   164
       Punch             |     1 |       ||     1
       Trident           |       |     2 ||     2
 Cast: Ensorcelled Hiber |    21 |     9 ||    30
       Tukima's Dance    |     1 |       ||     1
       Confusing Touch   |       |     1 ||     1
  Use: Scroll            |     6 |     5 ||    11
       Potion            |       |     3 ||     3
 Stab: Sleeping          |    21 |     8 ||    29
       Distracted        |     1 |       ||     1
Armor: Robe              |    18 |     2 ||    20
Dodge: Dodged            |    91 |    17 ||   108

Table legend: (Time is in decaauts)
 A = Elapsed time spent in this place.
 B = Non-inter-level travel time spent in this place.
 C = Inter-level travel time spent in this place.
 D = Time resting spent in this place.
 E = Time spent auto-exploring this place.
 F = Levels seen in this place.
 G = Mean time per level.
                   A        B        C        D        E       F      G
               +--------+--------+--------+--------+--------+-----+--------+
         Total |   3219 |   3147 |     72 |    673 |   1877 |   5 |  643.8 |
       Dungeon |   3219 |   3147 |     72 |    673 |   1877 |   5 |  643.8 |
               +--------+--------+--------+--------+--------+-----+--------+

Top non-repeatable levels by time:
     D:1: 1627 daAuts
     D:2: 948 daAuts
     D:3: 411 daAuts
     D:4: 224 daAuts
     D:6: 7 daAuts
